 Dungeon Crawl Stone Soup version 0.31-a0-236-g9a0961fb85 (webtiles) character file.

Game seed: 8616529424983827147

513 reriks the Poker (level 7, -4/54 HPs)
             Began as a Merfolk Gladiator on July 10, 2023.
             Was an Initiate of Ru.
             Splashed by a jelly's acid (8 damage)
             ... on level 4 of the Dungeon.
             The game lasted 00:05:26 (4247 turns).

reriks the Poker (Merfolk Gladiator)                Turns: 4247, Time: 00:05:27

Health: -4/54      AC:  1    Str: 14    XL:     7   Next: 20%
Magic:  7/7        EV: 11    Int:  8    God:    Ru [......]
Gold:   169        SH:  0    Dex: 17    Spells: 6/6 levels left

rFire   . . .        a - +0 trident
rCold   . . .        (no shield)
rNeg    . . .        f - +0 scale mail
rPois   .            c - +0 helmet
rElec   .            o - +0 cloak
rCorr   .            r - +0 pair of gloves
SInv    .            (no boots)
Will    .....        (no amulet) Stlth
                     (no ring)
HPRegen 0.29/turn    (no ring)
MPRegen 0.10/turn

%: no passive effects
@: corroded, studying Long Blades
A: (nimble swimmer 2), mertail
a: Renounce Religion


You were on level 4 of the Dungeon.
You worshipped Ru.
Ru was noncommittal.
You visited 2 branches of the dungeon, and saw 5 of its levels.

You collected 169 gold pieces.

Inventory:

Hand Weapons
 a - a +0 trident (weapon)
Missiles
 e - 7 javelins
 p - 2 throwing nets
Armour
 b - a +0 leather armour
 c - a +0 helmet (worn)
 f - a +0 scale mail (worn)
 o - a +0 cloak (worn)
 r - a +0 pair of gloves (worn)
Jewellery
 g - an amulet of faith
 k - an amulet of the acrobat
 l - a ring of protection from fire
 u - a ring of fire
Wands
 d - a wand of mindburst (1)
Scrolls
 i - 2 scrolls of identify {unknown}
 t - a scroll of vulnerability {unknown}
Potions
 h - a potion of brilliance {unknown}
 j - a potion of lignification {unknown}
 m - 2 potions of invisibility
 n - 2 potions of heal wounds {unknown}
 q - 3 potions of attraction {unknown}
 s - a potion of mutation {unknown}


   Skills:
 + Level 4.2 Fighting
 + Level 5.9 Polearms
 + Level 3.7 Throwing
 * Level 2.2 Armour
 + Level 5.7 Dodging


You had 6 spell levels left.
You didn't know any spells.
Your spell library contained the following spells:

 Spells                   Type           Power      Damage    Failure   Level
 Kiss of Death            Conj/Necr      0%         2d5       88%         1
 Confusing Touch          Hex            0%         N/A       99%         3
 Ozocubu's Armour         Ice            0%         N/A       99%         3
 Dispel Undead            Necr           0%         3d6       100%        4
 Ozocubu's Refrigeration  Ice            0%         4d7       100%        7


Dungeon Overview and Level Annotations

Branches:
Dungeon (4/15)             Temple (1/1) D:4

Altars:
Cheibriados
Dithmenos
Fedhas
Kikubaaqudgha
Makhleb
Okawaru
Qazlal
Ru
Sif Muna
Trog
Vehumet
Wu Jian
Yredelemnul

Shops:
D:3 *


Innate Abilities, Weirdness & Mutations

((You are very nimble when in or above water. (Stealth+, EV+, Speed+++)))
Your lower body shifts to a powerful aquatic tail in water.


Message History

The jelly is heavily wounded.
You barely miss the jelly.
The jelly is heavily wounded.
The jelly hits you. The acid corrodes you!
You are splashed with acid!
You are too injured to fight recklessly!
You are too injured to fight recklessly!
You are too injured to fight recklessly!
You are too injured to fight recklessly!
You are too injured to fight recklessly!
You are too injured to fight recklessly!
You are too injured to fight recklessly!
You are too injured to fight recklessly!
A jelly is nearby!
You hit the jelly.
Your hands burn!
The jelly is severely wounded.
The jelly closely misses you.
You hit the jelly but do no damage.
Your hands burn!
The jelly is severely wounded.
The jelly closely misses you.
You completely miss the jelly.
The jelly is severely wounded.
The jelly closely misses you.
You hit the jelly. The acid corrodes you!
Your hands burn!
The jelly is almost dead.
The jelly hits you.
You are splashed with acid!
You hit the jelly but do no damage.
Your hands burn!
The jelly is almost dead.
The jelly hits you.
You are splashed with acid!
* * * LOW HITPOINT WARNING * * *
You hit the jelly but do no damage.
Your hands burn!
* * * LOW HITPOINT WARNING * * *
The jelly is almost dead.
The jelly misses you.
You hit the jelly but do no damage.
Your hands burn!
* * * LOW HITPOINT WARNING * * *
The jelly is almost dead.
The jelly hits you.
* * * LOW HITPOINT WARNING * * *
You are splashed with acid!
You die...

... #.# #.# ###########.#.# ##
#...@J......#.# .#
#.###########.# .##
#......#....#.# ..#
######.#.##.#.#######
..################.#.##.#........
..#.............##.#..#..........
#.#.########....##.##.########.##
#.........##....##...............
###.#####.#..>..#####.########...


You could see a jelly.

Vanquished Creatures
  Grinder (D:3)
  A howler monkey (D:4)
  An orc priest (D:2)
  2 hounds
  Jessica (D:2)
  Ijyb (D:3)
  Robin (D:2)
  5 adders
  4 dart slugs
  6 orcs
  8 bats
  3 endoplasms
  3 giant cockroaches
  16 goblins
  9 hobgoblins
  4 jackals (D:1)
  7 kobolds
  5 quokkas
  4 ball pythons
  3 frilled lizards
  2 rats (D:2)
87 creatures vanquished.

Notes
Turn   | Place    | Note
-------+----------+-------------------------------------------
     0 | D:1      | reriks the Merfolk Gladiator began the quest for the Orb.
     0 | D:1      | Reached XP level 1. HP: 16/16 MP: 1/1
   120 | D:1      | Reached XP level 2. HP: 19/23 MP: 2/2
   125 | D:1      | You fall into a shaft and drop 1 floor!
   386 | D:2      | Reached XP level 3. HP: 26/28 MP: 3/3
   449 | D:2      | Found a faded altar of an unknown god.
   516 | D:2      | Reached XP level 4. HP: 34/34 MP: 4/4
  1465 | D:1      | Reached skill level 5 in Polearms
  1727 | D:3      | Reached skill level 5 in Dodging
  1727 | D:3      | Reached XP level 5. HP: 41/41 MP: 5/5
  1772 | D:3      | Noticed Robin
  2323 | D:3      | Noticed Jessica
  2443 | D:2      | Killed Jessica
  2459 | D:2      | Killed Robin
  2460 | D:2      | Reached skill level 1 in Armour
  2639 | D:3      | Noticed Ijyb
  2716 | D:3      | Killed Ijyb
  2717 | D:3      | Reached XP level 6. HP: 34/48 MP: 6/6
  2795 | D:3      | Found a shadowy altar of Dithmenos.
  2966 | D:3      | Found Wed Ciup's Assorted Antiques.
  2966 | D:3      | Noticed Grinder
  2989 | D:3      | Killed Grinder
  3403 | D:4      | Found a staircase to the Ecumenical Temple.
  3413 | Temple   | Entered the Ecumenical Temple
  3553 | Temple   | Became a worshipper of Ru the Awakened
  3718 | D:4      | Reached XP level 7. HP: 54/54 MP: 7/7
  4247 | D:4      | Splashed by a jelly's acid

Illustrated notes

Levels and vault maps discovered:
D:1:      tarquinn_simple_flora_water_a, layout_loops_corners, grunt_decor_cap
D:2:      layout_loops_cross, shapermc_ecumenical_altar_pompeii
D:3:      layout_loops_ring, amcnicky_altar_gilded, serial_shops,
          nicolae_shop_overgrown_old_shop, uniq_ijyb, uniq_grinder,
          uniq_jessica, uniq_robin
D:4:      layout_basic, minmay_temple_entry_ruins, kennysheep_generic_room_8
Temple:   nicolae_temple_bog_church

Skill      XL: |  1  2  3  4  5  6 |
---------------+-------------------+-----
Fighting       | 3 4 |  4.2
Polearms       | 5 |  5.9
Throwing       | 3 |  3.7
Dodging        | 5 |  5.7
Armour         | 1 2 |  2.2

Action                     |  1- 3 |  4- 6 |  7- 9 || total
---------------------------+-------+-------+-------++-------
  Melee: Trident           |    60 |   202 |    35 ||   297
         Punch             |       |     2 |     1 ||     3
  Throw: Throwing net      |       |     3 |       ||     3
  Evoke: Wand              |       |     4 |       ||     4
   Stab: Held in net/web   |       |     1 |       ||     1
 Armour: Scale mail        |    19 |    80 |     7 ||   106
         Leather armour    |     1 |       |       ||     1
  Dodge: Dodged            |    31 |    87 |    16 ||   134

Table legend: (Time is in decaauts)
 A = Elapsed time spent in this place.
 B = Non-inter-level travel time spent in this place.
 C = Inter-level travel time spent in this place.
 D = Time resting spent in this place.
 E = Time spent auto-exploring this place.
 F = Levels seen in this place.
 G = Mean time per level.
                   A        B        C        D        E       F      G
               +--------+--------+--------+--------+--------+-----+--------+
         Total |   4245 |   4066 |    179 |    790 |   2545 |   5 |  849.0 |
       Dungeon |   4122 |   3965 |    157 |    790 |   2469 |   4 | 1030.5 |
        Temple |    123 |    102 |     21 |      0 |     76 |   1 |  123.0 |
               +--------+--------+--------+--------+--------+-----+--------+

Top non-repeatable levels by time:
     D:2: 1528 daAuts
     D:3: 989 daAuts
     D:1: 897 daAuts
     D:4: 706 daAuts
  Temple: 123 daAuts
